[Event "FIDE WSTC Open 50 2025"]
[Site "Prague"]
[Date "2025.02.24"]
[Round "7.18"]
[White "Jirovsky, Milos"]
[Black "Ning, Chunhong"]
[Result "0-1"]
[Annotator "TA"]
[ECO "A06"]
[WhiteElo "2410"]
[BlackElo "2257"]
[PlyCount "88"]
[EventDate "2025.02.17"]
[EventType "team-tourn"]
[EventCountry "CZE"]
[SourceTitle "playchess.com"]
[Source "ChessBase"]
[SourceQuality "1"]
[TimeControl "40/5400+30:1800+30"]

1. Nf3 d5 2. d4 e6 3. Bf4 Nf6 4. e3 Be7 5. h3 O-O 6. Nbd2 b6 7. Bd3 Bb7 8. O-O Nbd7 9. c3 {[%emt 0:02:44] The position is symmetric and equal D02: 1 d4 d5 2 Nf3 sidelines, including 2...Nf6 3 g3 and 2...Nf6 3 Bf4.} Ne4 10. Qc2 f5 11. Rad1 $146 {[%emt 0:01:59] The position is equal.} (11. c4 c5 12. cxd5 exd5 13. dxc5 bxc5 14. Rfd1 Bf6 15. Rac1 Qb6 16. Nb3 c4 17. Bxc4 dxc4 18. Qxc4+ {1-0 Artemiev,V (2663)-Kurbedinov,R (2318) RUS-chT blitz 2016 (10.2)}) 11... Bd6 12. Rfe1 Qe7 13. Re2 Rac8 14. Qa4 {[%emt 0:04:56] [#]} a6 $1 15. Ne5 (15. Bxa6 $2 {loses.} Ra8 16. Bxd6 cxd6 $19 (16... Nxd6 $2 17. Qc2 $19)) (15. Bxd6 cxd6) 15... Bxe5 16. Bxe5 Nxe5 17. dxe5 b5 18. Qa5 Nxd2 19. Rexd2 f4 20. exf4 (20. a4 {seems wilder.} fxe3 21. fxe3 Qg5 22. Re2) 20... Rxf4 21. b3 {[%emt 0:00:18] Wards off Ra4} Qg5 22. Bf1 Qxe5 23. Re2 Qd6 24. Rde1 Rf6 25. Re5 Rcf8 26. R1e2 {[%emt 0:00:14] [#] White does not recover from this.} (26. f3 $17) 26... Rxf2 $3 $19 27. Rxf2 Rxf2 28. Kxf2 Qxe5 {[%emt 0:00:08][%mdl 4096] Endgame KQB-KQB. Black is two pawns up.} 29. a4 Qf4+ 30. Kg1 bxa4 31. Bxa6 $2 (31. bxa4 Qe3+ 32. Kh2 Qf4+ 33. Kg1) 31... Bxa6 32. Qxa6 axb3 33. Qxe6+ {[%emt 0:00:42] KQ-KQ. Black is two pawns up.} Kf8 34. Qxd5 Qc1+ 35. Kh2 Qxc3 36. Qd8+ Kf7 37. Qd7+ Kf6 38. Qd8+ Kf5 39. Qd7+ Ke4 40. Qg4+ Ke3 41. Qg5+ Ke2 42. Qh5+ Kd2 {[%emt 0:00:18] ...b2 would now be deadly.} 43. Qxh7 Qe5+ 44. Kh1 b2 {[%emt 0:00:00] Weighted Error Value: White=0.60/Black=0.11 (very precise)   Mistake:       	White=2     	---        Inaccurate:     	White=5     	Black=2      OK:         	White=3     	Black=11     Best:        	---       	Black=1} 0-1

[Event "FIDE WSTC Open 50 2025"]
[Site "Prague"]
[Date "2025.02.24"]
[Round "7.19"]
[White "Liang, Zhihua"]
[Black "Zvara, Petr"]
[Result "1/2-1/2"]
[Annotator "TA"]
[ECO "A05"]
[WhiteElo "2205"]
[BlackElo "2330"]
[PlyCount "64"]
[EventDate "2025.02.17"]
[EventType "team-tourn"]
[EventCountry "CZE"]
[SourceTitle "playchess.com"]
[Source "ChessBase"]
[SourceQuality "1"]
[TimeControl "40/5400+30:1800+30"]

1. Nf3 Nf6 2. b3 g6 3. Bb2 Bg7 4. e3 O-O 5. d4 d6 6. Bd3 Nbd7 7. O-O {[%emt 0:01:00] A48: 1 d4 Nf6 2 Nf3 g6: Torre, London and Colle Systems.} Re8 8. c4 e5 {[%emt 0:06:20][%cal Be7e5,Be5e4][%mdl 32] [#] White must now prevent ...e4.} 9. Bc2 {[%emt 0:04:25] The position is equal.} e4 10. Nfd2 Nf8 11. Nc3 Bf5 $1 12. Rc1 $146 ({Predecessor:} 12. b4 c6 13. b5 h5 14. bxc6 bxc6 15. Ba4 Bd7 16. Bb3 h4 17. Qc2 Qe7 18. Ba3 {0-1 Morales Vera,P (2094)-Pulgar Diaz,C (2079) CHI-chT Santiago de Chile 2012 (2)}) 12... Qd7 13. f3 ({White should try} 13. Ne2 $14) 13... exf3 $11 14. Qxf3 Bxc2 15. Rxc2 c6 16. d5 Ng4 17. Nd1 Bxb2 18. Rxb2 Ne5 19. Qe4 f5 20. Qd4 c5 21. Qc3 Qg7 22. e4 f4 23. Rxf4 Nfd7 24. Nf3 Nxf3+ 25. gxf3 Ne5 26. Rf2 Qh6 {[%emt 0:01:35] Dodges Rh4} 27. Qd2 Qh5 (27... Qh3 $11) 28. Ne3 $14 Rf8 29. Ng4 Nxg4 30. fxg4 ({Reject} 30. Rxg4 Rxf3 31. Rf4 Qg5+ 32. Kf1 Rxf2+ 33. Qxf2 Re8 $11) 30... Qe5 31. Kg2 (31. h4 $16) 31... Kg7 (31... g5 $1 $11 32. Rxf8+ Rxf8) 32. h3 Qe8 $2 {[%mdl 40960] Weighted Error Value: White=0.17 (very precise) /Black=0.16 (very precise)  An unexpected result.  Loses game:     	---       	Black=1      Mistake:       	White=2     	Black=2      Inaccurate:     	White=4     	Black=6      OK:         	White=6     	Black=11     Best:        	White=4     	Black=2      Strong:       	---       	Black=1} 1/2-1/2

[Event "FIDE WSTC Open 50 2025"]
[Site "Prague"]
[Date "2025.02.24"]
[Round "7.20"]
[White "Konopka, Michal"]
[Black "Liu, Shilan"]
[Result "1/2-1/2"]
[Annotator "TA"]
[ECO "E05"]
[WhiteElo "2326"]
[BlackElo "2093"]
[PlyCount "67"]
[EventDate "2025.02.17"]
[EventType "team-tourn"]
[EventCountry "CZE"]
[SourceTitle "playchess.com"]
[Source "ChessBase"]
[SourceQuality "1"]
[TimeControl "40/5400+30:1800+30"]

1. Nf3 Nf6 2. d4 e6 3. g3 d5 4. Bg2 Be7 5. c4 dxc4 6. O-O O-O 7. Qa4 a6 8. Qxc4 b5 9. Qc2 Bb7 10. Bg5 Nbd7 11. Nbd2 Rc8 12. Bxf6 Nxf6 13. Nb3 Be4 14. Qc1 Qd5 {[%emt 0:03:13] E05: Open Catalan: 5 Nf3 Be7.} 15. Rd1 Qh5 16. Nc5 Bxc5 {[%emt 0:00:17] White has an edge.} 17. Qxc5 Qxc5 18. dxc5 Rfd8 19. Ne5 Bxg2 20. Kxg2 Kf8 21. Nc6 Rxd1 22. Rxd1 $14 {[%emt 0:00:42][%mdl 4096] Endgame KRN-KRN} Nd5 $146 {[%emt 0:01:57] [#]} ({Predecessor:} 22... Ne4 23. b4 Nc3 24. Rd2 f5 25. a3 Nd5 26. f3 Ne7 27. Nd4 Kf7 {1-0 Shoboev,D (2185)-Dzurak,V (1894) FIDE World Uni Blitz-A 1st 2021 (8.20)}) 23. a4 bxa4 $11 {[%emt 0:03:02] The position is equal.} 24. Ra1 Ne7 25. Ne5 f6 26. Nd3 Nc6 27. Rxa4 a5 28. f4 Ke7 29. Kf3 Rb8 30. Ke3 Rb5 31. Kd2 Nb4 32. Nxb4 axb4 33. Kd3 {[%emt 0:00:20] aiming for Kc4.} Rxc5 34. Rxb4 {[%emt 0:00:18] Weighted Error Value: White=0.09 (flawless) /Black=0.09 (flawless)   Mistake:       	White=1     	---        Inaccurate:     	---       	Black=1      OK:         	White=3     	Black=8      Best:        	White=2     	Black=1} 1/2-1/2

[Event "FIDE WSTC Open 50 2025"]
[Site "Prague"]
[Date "2025.02.24"]
[Round "7.21"]
[White "Lesiege, Alexandre"]
[Black "Bischoff, Klaus"]
[Result "1/2-1/2"]
[Annotator "TA"]
[ECO "A58"]
[WhiteElo "2504"]
[BlackElo "2432"]
[PlyCount "60"]
[EventDate "2025.02.17"]
[EventType "team-tourn"]
[EventCountry "CZE"]
[SourceTitle "playchess.com"]
[Source "ChessBase"]
[SourceQuality "1"]
[TimeControl "40/5400+30:1800+30"]

1. d4 Nf6 2. c4 c5 3. d5 b5 4. cxb5 a6 5. bxa6 g6 (5... e6 $1 $11) 6. Nc3 $14 {[%emt 0:00:13] A58: Benko/Volga Gambit: Lines with 5 bxa6.} Bg7 7. e4 O-O 8. Nf3 {[%emt 0:00:19] White is slightly better.} Qa5 9. Bd2 Bxa6 10. Be2 d6 11. O-O Bxe2 {[%emt 0:04:27] Black sacrificed a pawn 11...Nbd7 is not played anymore.} 12. Qxe2 Qa6 13. Qd1 Nbd7 14. Qc2 Rfb8 15. a4 Qc4 16. Ra3 Ng4 17. b3 Qa6 18. h3 $146 (18. Rb1 Nde5 19. Ne1 h5 20. h3 Nf6 21. f4 Ned7 22. Nf3 Ne8 23. Na2 Nc7 24. Bc1 {1-0 Pavlidou,E (2143)-Zhukova,N (2308) EU-chT (Women) 24th 2023 (5.3)}) 18... Nge5 19. Nxe5 Nxe5 20. Nd1 Qd3 ({Better is} 20... c4 $1 $11) 21. Qxd3 Nxd3 22. Ne3 Bb2 23. Ra2 Bd4 $1 ({But not} 23... Rxb3 $6 24. Rb1 $16) 24. Rb1 c4 25. Nxc4 Nxf2 26. Bc3 Bc5 (26... Nxh3+ $11 27. Kh2 Bxc3 28. Kxh3 h5) 27. Rxf2 $16 Rxa4 {[%emt 0:00:06] [#]} 28. Nd2 Ra2 $14 {[%emt 0:00:29][%cal Oa2c2] [#] and ...Rc2! should not be overlooked} 29. Rbf1 $1 Ba7 30. Nf3 {[%emt 0:03:32] and Bd4 would now be decisive} Bxf2+ {[%emt 0:02:17] Weighted Error Value: White=0.14 (very precise) /Black=0.13 (very precise)   Mistake:       	White=2     	Black=2      Inaccurate:     	White=4     	Black=1      OK:         	White=11    	Black=16     Best:        	White=1     	Black=2      Strong:       	---       	Black=1} 1/2-1/2

[Event "FIDE WSTC Open 50 2025"]
[Site "Prague"]
[Date "2025.02.24"]
[Round "7.22"]
[White "Seul, Georg"]
[Black "Duong, Thanh Nha"]
[Result "1-0"]
[Annotator "TA"]
[ECO "C24"]
[WhiteElo "2329"]
[BlackElo "2168"]
[PlyCount "129"]
[EventDate "2025.02.17"]
[EventType "team-tourn"]
[EventCountry "CZE"]
[SourceTitle "playchess.com"]
[Source "ChessBase"]
[SourceQuality "1"]
[TimeControl "40/5400+30:1800+30"]

1. e4 e5 2. Bc4 Nf6 3. d3 c6 4. Nf3 d5 5. Bb3 Bb4+ 6. c3 Bd6 {[%emt 0:00:08] C24: Bishop's Opening: 2...Nf6.} 7. exd5 cxd5 8. O-O O-O {[%emt 0:01:04] The position is equal.} 9. Bg5 Be6 10. c4 dxc4 11. dxc4 Nc6 $146 ({Predecessor:} 11... e4 12. Nfd2 Be5 13. Nc3 Bxc3 14. bxc3 Na6 15. Bxf6 Qxf6 16. Nxe4 Qf4 17. Re1 Rad8 {½-½ Popov,I (2627)-Nesterov,A (2558) RUS-ch Higher League 76th 2023 (5)}) 12. Nc3 $1 Be7 13. Qe1 Nd7 14. Bxe7 Qxe7 15. Nd5 Qd8 16. h3 Rc8 17. Rd1 Re8 18. Qe3 f6 19. Bc2 g6 (19... Na5 $11) 20. Qh6 $16 {[%emt 0:01:32][%cal Oc2g6] White attacks} Nf8 21. Bb1 Kf7 (21... Bxd5 $11 {remains equal.} 22. cxd5 Na5) 22. h4 {[%emt 0:02:30] White is much more active.} Bxd5 (22... Kg8 $142) 23. Rxd5 (23. cxd5 $16 Ne7 24. d6) 23... Qc7 $14 24. h5 e4 25. hxg6+ ({White should play} 25. Nd2 $16 f5 26. g4) 25... hxg6 $11 26. Nh4 Ne5 27. Bxe4 Ng4 28. Bxg6+ Kg8 29. Bf7+ $1 Qxf7 30. Qf4 $36 {[%emt 0:00:06][%mdl 2048] White has good play.} Ne5 31. Nf5 (31. Qg3+ $5 Kh8 32. Nf5 $11) 31... Qh7 {[%emt 0:01:20][%cal Of8e6] Threatens to win with ...Ne6!.} (31... Rxc4 32. Qxc4 Nxc4 33. Nh6+ Kg7 34. Nxf7 Kxf7 35. Rc5) (31... Qg6 $5 32. Nd6 $8 Ne6 $14) 32. Nd6 Nfg6 (32... Qg6 $1 $11) 33. Qf5 $1 $16 {[%emt 0:01:01] The board is on fire.} (33. Qxf6 $2 Ng4 $19) 33... Rcd8 34. Nxe8 Rxe8 35. Rfd1 (35. Qxf6 $2 Ng4 36. Qd6 N6e5 $19) (35. f4 $18 Nf7 36. Qxf6) 35... Ne7 36. Qxh7+ (36. Qxf6 Nxd5 37. cxd5 Qh5 $15) 36... Kxh7 37. Rd8 Rxd8 38. Rxd8 N7c6 {[%emt 0:00:54] Prevents Rb8.} 39. Rc8 Kg6 40. Rc7 Nxc4 (40... Nd8 $16 41. f4 Ne6 42. Rxb7 Nxf4) 41. Rxb7 $18 {[%emt 0:30:07] Rc7 would now be deadly.} Kf5 42. Rc7 N4e5 {[%emt 0:00:32] [#]} 43. b4 $1 Nxb4 44. Rxa7 Ke6 45. Kh2 Nec6 46. Ra8 Nd5 47. g4 Nc7 48. Ra4 Kd5 49. Kg3 Ne6 50. f4 Ncd4 51. f5 Nc5 52. Ra5 Nc6 53. Ra8 Ne5 54. Kh4 Ne4 55. Rd8+ (55. a4 $18) 55... Kc6 (55... Kc4 $16 {keeps fighting.} 56. a4 Nf3+ 57. Kh5 Kb4) 56. Re8 Kd5 57. Re6 (57. a4 $16) 57... Ng6+ $11 58. fxg6 Kxe6 {[%emt 0:00:01][%mdl 4096] Endgame KN-K3P} 59. Kh5 Ke7 $2 {[%emt 0:00:43][%mdl 8192] [#] Loses the game.} (59... f5 $11) 60. Kh6 $1 $18 {[%emt 0:01:17] Threatening mate with g7.} ({Worse is} 60. g7 Kf7 $11) 60... Kf8 {[%emt 0:00:20] [#]} 61. Kh7 $1 {[%emt 0:01:34] White mates.} Ng5+ 62. Kh8 Ne6 63. a4 Ng7 64. a5 f5 65. a6 {[%emt 0:00:49] Weighted Error Value: White=0.17 (very precise) /Black=0.35  Loses game:     	---       	Black=1      Mistake:       	White=5     	Black=6      Inaccurate:     	White=1     	Black=5      OK:         	White=26    	Black=26     Best:        	White=3     	Black=2      Strong:       	White=4     	---} 1-0

[Event "FIDE WSTC Open 50 2025"]
[Site "Prague"]
[Date "2025.02.24"]
[Round "7.23"]
[White "Berube, Richard"]
[Black "Schulz, Klaus-Juergen"]
[Result "0-1"]
[Annotator "TA"]
[ECO "E12"]
[WhiteElo "2121"]
[BlackElo "2345"]
[PlyCount "110"]
[EventDate "2025.02.17"]
[EventType "team-tourn"]
[EventCountry "CZE"]
[SourceTitle "playchess.com"]
[Source "ChessBase"]
[SourceQuality "1"]
[TimeControl "40/5400+30:1800+30"]

1. d4 Nf6 2. Nf3 e6 3. c4 b6 4. a3 Bb7 5. Nc3 Be7 6. d5 d6 7. e4 e5 8. Bd3 Nbd7 {[%emt 0:00:18] E12: Queen's Indian: Unusual White 4th moves, 4 a3, 4 Nc3 Bb7 5 a3 and 4 Nc3 Bb7 .} 9. b4 O-O 10. O-O Nh5 {[%emt 0:04:05] White is better.} 11. Qc2 g6 (11... Nf4 $14) 12. Bh6 $16 Ng7 13. Ne2 $146 ({Predecessor:} 13. Rac1 Nf6 14. h3 Nfe8 15. g4 Bc8 16. Ne1 Bg5 17. Bxg5 Qxg5 18. f3 h5 19. Ng2 hxg4 20. fxg4 {0-1 Hajiverdiyev,C (1733)-Carasiov,A (1899) World School-ch U15 8th 2012 (7)}) 13... Nf6 14. h3 Kh8 15. Ng3 Ng8 16. Bxg7+ (16. Bd2 $16) 16... Kxg7 $11 17. Rab1 h5 {[%emt 0:10:36] [#]} 18. c5 $1 Nh6 (18... a5 19. c6) 19. Rfc1 Bg5 20. Nxg5 Qxg5 21. Rf1 (21. Qb2 $16) 21... Rad8 $14 22. Qc1 Qe7 23. Rb3 h4 24. Ne2 dxc5 25. bxc5 f5 26. cxb6 cxb6 27. Rc3 Rc8 {[%emt 0:00:56] Against Rc7} (27... fxe4 {is interesting.} 28. Rc7 Rd7 29. Rxd7 Qxd7 30. Bxe4 Nf7) 28. f3 fxe4 29. fxe4 Rxf1+ 30. Kxf1 Rxc3 31. Qxc3 Nf7 32. Kg1 Nd6 33. Nf4 (33. Kh2 {simplifies} Nf7 34. Ng1 Qc5 35. Qxc5 bxc5 36. Nf3) 33... Bc8 {[%emt 0:02:33] Prevents Ne6+.} 34. Ne6+ Kf6 35. Qe1 {[%emt 0:02:12] [#]} Kf7 36. Qf2+ Kg8 37. Qb2 Qf6 38. Qb4 Qe7 39. Qc3 Kf7 40. Nc7 Qg5 41. Bc4 $2 (41. Kh1 $11) 41... Qf4 (41... Nxe4 $142 42. d6+ Kg7 43. Ne8+ Kf8) 42. Nb5 (42. Ne6 $17 Qf2+ (42... Qxe4 $2 {loses.} 43. Ng5+ Kf6 44. Nxe4+ $18) (42... Nxe4 43. Qb4 $15) 43. Kh1) 42... Nxe4 $19 43. Qe1 {[%emt 0:00:47][%cal Oe1e4] Qxe4! would now be deadly.} Kf6 {[%emt 0:00:48] Black is more active.} 44. Bd3 (44. Nxa7 $17 Bf5 45. Nc6) 44... Nc5 $36 {[%emt 0:00:32][%mdl 2048] Black is in control.} 45. Bf1 a6 46. Nc3 (46. Nc7 {keeps fighting.}) 46... Bf5 47. Kh1 g5 48. Qd1 Qd4 49. Qh5 $2 (49. Qf3) 49... Qxc3 {[%emt 0:00:24] Black is clearly winning.} 50. Qh8+ Kf7 51. Qd8 Qc1 {[%emt 0:00:53] ( -> ...Ne4)} 52. Qc7+ Bd7 53. Kg1 Qe3+ 54. Kh1 b5 {[%emt 0:00:51][%cal Oe3f2] Hoping for ...Qf2!.} 55. d6 Qd4 {[%emt 0:00:52] Weighted Error Value: White=0.55/Black=0.12 (very precise)   Mistake:       	White=7     	Black=2      Inaccurate:     	White=5     	Black=5      OK:         	White=6     	Black=14     Best:        	---       	Black=3} 0-1

[Event "FIDE WSTC Open 50 2025"]
[Site "Prague"]
[Date "2025.02.24"]
[Round "7.24"]
[White "Wolf, Volker"]
[Black "Chabot, Roland"]
[Result "1-0"]
[Annotator "TA"]
[ECO "B40"]
[WhiteElo "2206"]
[BlackElo "2038"]
[PlyCount "127"]
[EventDate "2025.02.17"]
[EventType "team-tourn"]
[EventCountry "CZE"]
[SourceTitle "playchess.com"]
[Source "ChessBase"]
[SourceQuality "1"]
[TimeControl "40/5400+30:1800+30"]

1. e4 c5 2. Nf3 e6 3. b3 a6 4. Bb2 Nc6 5. g3 d5 6. exd5 {[%emt 0:01:02] B40: Sicilian: 2...e6, Unusual lines.} exd5 7. Qe2+ Qe7 8. Qxe7+ {[%emt 0:02:47] The position is equal.} (8. Nc3 {seems wilder.} Bg4 9. O-O-O Nf6 10. h3) 8... Ngxe7 9. Bg2 Nb4 10. Na3 Bf5 11. Kd1 $146 (11. O-O $11) (11. O-O f6 12. d4 Nec6 13. c4 Be4 14. cxd5 Bxd5 15. Nc4 Rd8 16. Nb6 Bxf3 17. Bxf3 cxd4 {½-½ Cech,P (2354)-Haba,P (2454) CZE-chT2D 2223 2022 (6.1)}) 11... f6 $15 12. Ne1 O-O-O 13. c3 Nd3 14. Nxd3 Bxd3 15. Nc2 {[%emt 0:00:32] White is weak on the light squares} h5 16. h4 Kb8 17. Ne1 Bg6 18. d4 Nc6 19. Nc2 Bf7 (19... cxd4 $15 {deserves consideration.} 20. cxd4 Nb4 21. Nxb4 Bxb4) 20. Kd2 cxd4 21. Nxd4 Nxd4 22. cxd4 Bb4+ 23. Bc3 Bd6 24. a3 Rhe8 25. Rhe1 b6 26. Bb4 Bc7 27. a4 a5 28. Be7 Rd7 29. Ba3 Rdd8 30. Bh3 (30. Rac1 $14) 30... Re4 $11 31. Bf5 Rde8 32. Bxe4 $18 dxe4 33. Re3 f5 (33... g5 $16) 34. Rc3 f4 (34... e3+ 35. fxe3 (35. Rxe3 Rxe3 36. Kxe3 Bxb3 $18) 35... Kb7) 35. Rac1 e3+ 36. fxe3 fxe3+ 37. Ke2 (37. Rxe3 $6 Rxe3 38. Kxe3 Bxb3 $18) 37... Bxg3 38. Rg1 Bf2 (38... Bh2 {was necessary.} 39. Rxg7 Bd5) 39. Rxg7 Be6 40. Bd6+ Ka8 41. Rcc7 $1 Bg4+ 42. Kf1 Bh3+ $1 (42... e2+ 43. Kg2 e1=N+ 44. Kh1 (44. Kxf2 Nd3+ 45. Kg2 Re2+ 46. Kh1 Re1+ 47. Kh2 Re2+ 48. Kg1 Re1+ 49. Kh2 Re2+ 50. Kg1 Re1+ 51. Kh2 $11) (44. Kf1 Bh3+ 45. Kxf2 Nd3+ 46. Kg3 Re3+ 47. Kh2 Re2+ 48. Kxh3 Nf2+ 49. Kg3 Ne4+ 50. Kf3 Nxd6) 44... Bf3+ 45. Kh2) 43. Ke2 Bg4+ {[%emt 0:00:07] [#]} 44. Kd3 $1 Bf5+ 45. Ke2 $2 (45. Kc4 Rc8 46. Rge7 Rxc7+ 47. Bxc7 Bg4 $18) (45. Kc3 $18 Rc8 46. Rxc8+ Bxc8 47. Bg3) 45... Bg4+ $14 {[%emt 0:00:00] A strong pair of Bishops.} 46. Kd3 $2 (46. Rxg4 $1 $14 hxg4 47. h5) 46... Bf5+ $18 47. Kc3 (47. Kc4 Rc8 48. Rge7 Bg4 $18) 47... Rc8 48. Rxc8+ Bxc8 {[%emt 0:00:00][%mdl 4096] Endgame [#] KRB-KB} 49. Bg3 $1 Be6 50. Rg5 {[%emt 0:00:00] Repels Bd5} Kb7 51. d5 Bxd5 (51... Bh3 $142 52. Re5 Bg2 (52... Bxg3 $2 53. Rxe3 Bg2 54. Rxg3 $18)) 52. Bxf2 exf2 {KR-KB} 53. Rf5 $1 (53. Rxd5 $2 f1=Q (53... f1=R 54. Rxh5 Rf3+ 55. Kc4 $14) 54. Rd7+ Kc6 $19) 53... Be6 54. Rxf2 (54. Rxh5 $2 f1=Q (54... f1=B $2 {perishes.} 55. Re5 $18) 55. Rg5 Bf5 56. Rxf5 Qxf5 $19) 54... Bg4 55. Rf6 Kc7 56. Rh6 Kb7 57. Kd4 {[%emt 0:01:21] Kd5 would now be deadly.} Bd1 58. Kc4 Be2+ 59. Kd5 Bd1 60. Rh7+ Ka6 61. Kc6 Bxb3 62. Rxh5 {[%emt 0:00:08] Intending Kc7 and mate.} Bxa4+ 63. Kc7 (63. Kd6 $142 Bd1 64. Rd5) 63... Bc2 64. Rh6 $2 {[%emt 0:00:13][%mdl 32768] Weighted Error Value: White=0.42/Black=0.48 Loss on time!?  Loses game:     	---       	Black=3      Missed win:     	White=1     	---        Mistake:       	White=3     	Black=5      Inaccurate:     	White=3     	Black=2      OK:         	White=19    	Black=13     Best:        	White=8     	Black=9      Strong:       	White=3     	Black=1} ({White should play} 64. Kd6 $18) 1-0

[Event "FIDE WSTC Open 50 2025"]
[Site "Prague"]
[Date "2025.02.24"]
[Round "7.25"]
[White "Czebe, Attila"]
[Black "Aagaard, Jacob"]
[Result "1/2-1/2"]
[Annotator "TA"]
[ECO "A45"]
[WhiteElo "2255"]
[BlackElo "2435"]
[PlyCount "140"]
[EventDate "2025.02.17"]
[EventType "team-tourn"]
[EventCountry "CZE"]
[SourceTitle "playchess.com"]
[Source "ChessBase"]
[SourceQuality "1"]
[TimeControl "40/5400+30:1800+30"]

1. d4 Nf6 2. Bf4 g6 3. Nc3 Bg7 4. e4 d6 5. Qd2 c6 6. O-O-O {[%emt 0:01:17] B07: Pirc Defence: Miscellaneous Systems.} Qa5 7. f3 b5 8. Kb1 {[%emt 0:00:41] White is slightly better.} Nbd7 9. e5 dxe5 10. dxe5 Nh5 {[%emt 0:03:52][%cal Oh5f4] [#]} 11. e6 $1 fxe6 {[%emt 0:00:10] [#]} 12. Nxb5 $146 ({Predecessor:} 12. Nd5 Qxd2 13. Nc7+ Kf7 14. Rxd2 Nxf4 15. Nxa8 Nd5 16. c4 bxc4 17. Bxc4 N7f6 18. Nh3 {0-1 McAleenan,C (1760)-Hall,A (1794) London Central Major 2022 (4)}) 12... Qxd2 13. Nc7+ {[%emt 0:00:07] A sharp opening. White attacks} Kf7 14. Bxd2 Rb8 15. c3 (15. b3 $1 $16) 15... Nc5 $36 {[%emt 0:03:50][%mdl 2048] Black has good play.} 16. Kc2 Be5 17. b4 (17. Be3 Na4 18. b3 Nxc3 $19) 17... Bxc7 18. bxc5 e5 19. g4 {[%emt 0:01:35] Inhibits Bf5+.} Nf6 20. Nh3 Kg7 {[%emt 0:03:54] Prevents Bh6+} 21. Bc4 (21. Nf2 $11) 21... h5 $17 22. Ng5 hxg4 {[%emt 0:01:14] Black has strong rooks and is better} 23. fxg4 Bxg4 24. Ne6+ Bxe6 25. Bxe6 e4 26. h4 Rb5 27. Be3 Be5 (27... Rhb8 $1 $15 28. Rb1 Rxb1 29. Rxb1 Rxb1 30. Kxb1 Bg3) 28. a4 $11 Rb7 29. Bg5 {[%emt 0:11:11] This pair of bishops is nice.} Rhb8 30. Bc1 {[%emt 0:00:07] Inhibits Rb2+.} Bg3 (30... Rb1 $6 31. Bh6+ Kxh6 32. Rxb1 $16) 31. Bc4 (31. Rdf1 $1 $11) 31... Rh8 32. Ba6 Rd7 33. Rxd7 Nxd7 34. Bb7 Nxc5 (34... Bxh4 35. Be3 $11) (34... Rxh4 $6 35. Rxh4 Bxh4 36. Bxc6 $11) 35. Bxc6 Rc8 (35... Rxh4 $2 36. Rxh4 Bxh4 37. Be3 $18) 36. Bd5 Nxa4 37. c4 Nc5 38. Bb2+ (38. Rg1 $17 Bxh4 39. Rg4) 38... Kh6 $19 39. Bc1+ Kh7 (39... Kh5 $19 40. Bf7 Bf2 (40... Bxh4 41. Be3 $17)) 40. Bf7 $17 Rf8 41. Be3 (41. Rg1 $142) 41... Rxf7 42. Bxc5 {[%emt 0:00:04][%mdl 4096] Endgame KRB-KRB. Black is two pawns up.} a5 43. Be3 Rf3 44. Kd2 e5 45. c5 Bf2 ({Black should try} 45... Bf4 $19 46. Re1 Bxe3+ 47. Rxe3 Rxe3 (47... Rf2+ 48. Kd1 $15) 48. Kxe3 a4) 46. Bxf2 $15 Rxf2+ {[%emt 0:00:00] KR-KR. Black is two pawns up.} 47. Kc3 $1 Kh6 (47... a4 $17 48. Kb4 Rc2 (48... e3 49. Re1 $11)) 48. Re1 a4 (48... Rf3+ $6 49. Kc4 $16) 49. Rc1 $2 (49. Rxe4 $11 a3 50. Rxe5) 49... Rf8 (49... a3 $142 {And now ...a2 would win.} 50. Kb3 Rf3+ 51. Ka2 e3) 50. Kd2 $19 a3 51. Ke3 a2 52. Kxe4 {[#]} (52. Ra1 $17) 52... Rf4+ $1 53. Kd5 {[%emt 0:05:22] [#]} Rd4+ $1 (53... Rxh4 54. c6 Rd4+ 55. Kxe5 $11) 54. Ke6 e4 $2 (54... Rc4 $1 $19 55. Ra1 Rc2 (55... Rxc5 $2 56. Rxa2 Rc4 57. Kxe5 $17)) 55. c6 $11 {[%emt 0:00:27][%cal Bc5c6,Bc6c7][%mdl 32] and c7 should not be overlooked. The position is equal.} Rc4 56. Rxc4 a1=Q {[%emt 0:00:10] KQ-KR Repels Rc1} ({Stronger than} 56... a1=B 57. Rxe4 Kg7 58. c7 Kg8 59. c8=Q+ (59. c8=B Kg7 $18) 59... Kg7 60. Ra4 Kh6 61. Qc1+ (61. Rxa1 Kh5 62. Rg1 g5 63. Qh8+ Kg6 64. Rxg5#) 61... g5 62. Qxg5+ (62. Rxa1 Kg6 63. Qxg5+ Kh7 64. Ra7+ Kh8 65. Qg7#) 62... Kh7 63. Ra7+ Kh8 64. Qd8#) 57. c7 $1 Qa6+ 58. Kd5 $1 Qc8 59. Kxe4 Kg7 60. Kd3 Kf6 61. Kc3 Ke5 62. Rc5+ Kd6 63. Rc4 Kd5 64. Rd4+ Kc5 65. Rc4+ Kb5 66. Rb4+ Ka5 67. Rc4 Kb5 68. Rb4+ Kc5 69. Rc4+ Kb5 {[%emt 0:00:07] ( -> ...Qh3+)} 70. Rb4+ Kc5 {[%emt 0:00:04] Whites escaped into a draw.   Weighted Error Value: White=0.24 (precise) /Black=0.19 (very precise)   Loses game:     	White=1     	---        Missed win:     	---       	Black=1      Mistake:       	White=6     	Black=5      Inaccurate:     	White=4     	Black=4      OK:         	White=23    	Black=24     Best:        	White=7     	Black=5      Strong:       	White=3     	Black=2      Brilliant:      	White=2     	---} 1/2-1/2